 Dungeon Crawl Stone Soup version 0.17.2-1-ge4368a0 (webtiles) character file.

111 rlgrobin the Insei (level 4, -4/35 HPs)
             Began as a Mummy Monk on May 1, 2017.
             Slain by a gnoll
             ... wielding a +0 whip of electrocution
              (8 damage)
             ... on level 2 of the Dungeon.
             The game lasted 00:03:20 (3827 turns).

rlgrobin the Insei (Mummy Monk)                     Turns: 3827, Time: 00:03:21

Health: -4/35      AC:  0    Str: 14    XL:     4   Next: 62%
Magic:  4/4        EV: 13    Int:  9    God:
Gold:   122        SH:  0    Dex: 15    Spells: 0 memorised, 3 levels left

rFire  x . .     SeeInvis .       - Unarmed
rCold  + . .     Clarity  .     (no armour)
rNeg   + + +     SustAt   .     (no shield)
rPois  ∞         Gourm    .     (no helmet)
rElec  .         Spirit   .     (no cloak)
rCorr  .         Warding  .     (no gloves)
rMut   .         Stasis   .     (no boots)
MR     .....                    (no amulet)
Stlth  ++........               (no ring)
                                (no ring)

@: not resistant to hostile enchantments, unstealthy
A: no food or potions, fire vulnerability, cold resistance 1, negative energy
resistance 3, torment resistance, unbreathing
a: no special abilities


You were on level 2 of the Dungeon.
You were not hungry.

You visited 1 branch of the dungeon, and saw 3 of its levels.

You collected 122 gold pieces.


Innate Abilities, Weirdness & Mutations

You do not eat or drink.
Your flesh is vulnerable to fire.
You are immune to poison.
Your flesh is cold resistant.
You are immune to negative energy.
You are immune to unholy pain and torment.
You can survive without breathing.


   Skills:
 + Level 3.0 Fighting
 - Level 2.4 Dodging
 - Level 1.5 Stealth
 - Level 5.0 Unarmed Combat


You had 3 spell levels left.
You didn't know any spells.

Inventory:

Hand Weapons
 d - a cursed -1 club
Scrolls
 a - 2 scrolls of remove curse {unknown}
 b - a scroll of random uselessness {unknown}
 c - a scroll of fear {unknown}

Dungeon Overview and Level Annotations

Branches:
Dungeon (3/15)

Altars:
Kikubaaqudgha

▒.▒▒.▒ ▒.▒▒▒...▒▒ ▒.▒▒.
▒.▒▒.▒▒▒.▒▒..)..▒▒ ▒.▒▒.
▒.....▒▒.▒.......▒▒ ▒▒.▒▒.
▒▒....▒▒..........▒▒▒▒...▒▒
▒▒▒▒.................'........
▒.....>.....g........▒▒▒▒.....
▒.▒▒▒▒.▒...▒▒.......▒▒ ▒▒.▒▒.
▒.▒▒▒▒.▒.▒.▒▒▒g....▒▒ ▒▒▒.▒
▒.▒..▒▒▒▒▒...M....▒▒ ▒▒.
▒....▒ ▒....).+▒▒ ▒. ▒▒▒.▒▒
▒.......▒ ▒. ▒▒.▒▒ ▒▒.▒▒....▒
▒. ▒▒...▒▒▒▒...▒....▒▒▒▒ ▒.
▒........._.........▒ ▒.
▒.......▒...▒▒▒▒....▒▒▒▒▒▒▒▒▒.
▒...†...▒▒.▒▒ ▒..............
▒▒.........▒ ▒.▒..▒▒▒▒▒▒▒▒▒▒


You could see a gnoll.


Message History

You barely miss the gnoll! The gnoll misses you!
You pummel the gnoll like a punching bag!!!
The gnoll is heavily wounded!
The gnoll misses you!
You pulverise the gnoll but do no damage!
The gnoll is heavily wounded!
The gnoll misses you!
You pummel the gnoll like a punching bag!
The gnoll is almost dead!
The gnoll hits you with a whip of electrocution!!!
You take 12 damage, and have 23/35 hp!
MASSIVE DAMAGE!!!!!!
You squash the gnoll but do no damage!
The gnoll is almost dead!
You barely miss the gnoll!
The gnoll is almost dead!
The gnoll hits you with a whip of electrocution!!! * * * don't die
* * * You take 9 damage, and have 15/35 hp!
MASSIVE DAMAGE!!!!!!
You closely miss the gnoll!
The gnoll is almost dead!
The gnoll barely misses you!
You barely miss the gnoll!
The gnoll is almost dead!
The gnoll hits you with a whip of electrocution!!! * * * don't die
* * * You take 11 damage, and have 4/35 hp!
MASSIVE DAMAGE!!!!!!
You pummel the gnoll but do no damage!
The gnoll is almost dead!
The gnoll hits you with a whip of electrocution!!! rip

Action                   |  1- 3 |  4- 6 || total
-------------------------+-------+-------++-------
Melee: Unarmed           |   168 |    43 ||   211
 Stab: Sleeping          |     2 |       ||     2

Vault maps used:
D:1:      shiori_arrival_maze, minmay_misc_feat_diagonals
D:2:      nicolae_overflow_crystal_walls, uniq_iyjb

Notes
Turn   | Place    | Note
--------------------------------------------------------------
     0 | D:1      | rlgrobin the Mummy Monk began the quest for the Orb.
     0 | D:1      | Reached XP level 1. HP: 18/18 MP: 1/1
   363 | D:1      | Reached XP level 2. HP: 4/24 MP: 2/2
  1116 | D:1      | Reached skill level 4 in Unarmed Combat
  1932 | D:1      | Reached XP level 3. HP: 29/29 MP: 3/3
  2497 | D:2      | Found an ancient bone altar of Kikubaaqudgha.
  2507 | D:2      | Noticed Ijyb
  2566 | D:2      | Killed Ijyb
  2566 | D:2      | Reached XP level 4. HP: 9/35 MP: 4/4
  3659 | D:2      | Reached skill level 5 in Unarmed Combat
  3794 | D:3      | Noticed a centaur
  3827 | D:2      | Slain by a gnoll

Vanquished Creatures
  Ijyb (D:2)
  2 gnolls (D:2)
  An adder (D:2)
  An ooze (D:2)
  2 giant geckos (D:1)
  9 bats
  4 goblins
  5 hobgoblins
  7 jackals (D:1)
  3 kobolds (D:1)
  A quokka (D:2)
  A giant newt (D:2)
  8 rats
45 creatures vanquished.
